 Dungeon Crawl Stone Soup version 0.31.0-9-g3a7656b989 (webtiles) character file.

Game seed: 5379411763527242219

58 qw the Shooter (level 3, -4/20 HPs)
             Began as a Deep Elf Hunter on Feb 2, 2024.
             Slain by Sigmund
             ... wielding a +0 scythe
              (9 damage)
             ... on level 2 of the Dungeon.
             The game lasted 00:00:03 (787 turns).

qw the Shooter (Deep Elf Hunter)                     Turns: 787, Time: 00:00:03

Health: -4/20      AC:  5    Str: 10    XL:     3   Next: 76%
Magic:  5/5        EV: 11    Int: 13    God:
Gold:   4          SH:  0    Dex: 18    Spells: 2/2 levels left

rFire   . . .        c - +0 arbalest (heavy)
rCold   . . .        (shield currently unavailable)
rNeg    . . .        i - +0 ring mail
rPois   .            (no helmet)
rElec   .            (no cloak)
rCorr   .            (no gloves)
SInv    .            (no boots)
Will    .....        (no amulet) Stlth
                     (no ring)
HPRegen 0.23/turn    (no ring)
MPRegen 0.09/turn

%: no passive effects
@: confused
A: no striking features
a: no special abilities


You were on level 2 of the Dungeon.
You visited 1 branch of the dungeon, and saw 2 of its levels.

You collected 4 gold pieces.


   Skills:
 - Level 1.5 Fighting
 + Level 7.2 Ranged Weapons
 - Level 2.4 Dodging
 - Level 1.2 Stealth


You had 2 spell levels left.
You didn't know any spells.
Your spell library was empty.

Inventory:

Hand Weapons
 c - a +0 heavy arbalest (weapon)
Armour
 i - a +0 ring mail (worn)
Potions
 d - a potion of heal wounds
 e - a potion of cancellation {unknown}

Dungeon Overview and Level Annotations

Branches:
Dungeon (2/15)

Altars:

Annotations:
D:2 Sigmund


Message History

You shoot a bolt. The adder hisses angrily.
The bolt hits the ribbon worm!!!
You kill the ribbon worm!
You shoot a bolt. The bolt barely misses the adder.
The adder bites you. x2
You shoot a bolt. The bolt misses the adder.
The adder barely misses you. The adder bites you but does no damage.
The adder bites you. x2; The adder closely misses you.
The adder barely misses you.
You shoot a bolt. The bolt hits the adder!!!
You kill the adder!
The adder bites you. The adder misses you. The adder barely misses you.
Your Ranged Weapons skill increases to level 7!
You shoot a bolt. The bolt hits the adder!!
You kill the adder!
You start resting.
Sigmund the Dreaded comes into view.
He is wielding a +0 scythe and wearing a +2 robe of cold resistance.
You shoot a bolt. The bolt closely misses Sigmund.
Sigmund shouts!
Sigmund casts a spell at you. The puff of flame hits you!
You shoot a bolt.
The bolt hits Sigmund but does no damage.
Sigmund misses you.
You shoot a bolt. The bolt hits Sigmund!!
Sigmund is almost dead.
Sigmund mumbles some strange words.
Sigmund flickers and vanishes!
Deactivating autopickup; reactivate with Ctrl-A.
You hear some strange, mumbled words.
A puff of flame appears from out of thin air!
The puff of flame hits you.
You hear some strange, mumbled words.
You are confused.
You shoot a bolt. Something hits you. x2
You shoot a bolt. Something hits you!
You die...

..........#.#
.......<..#.#
.#######....#
.......#..#
######...##
##.## #.# #.#
#@# #....{..#
#...##### ##


There were no monsters in sight!

Vanquished Creatures
  2 adders (D:2)
  2 dart slugs (D:1)
  A ribbon worm (D:2)
  A bat (D:1)
  6 endoplasms (D:1)
  2 giant cockroaches (D:1)
  2 goblins (D:1)
  A hobgoblin (D:1)
  4 jackals
  2 frilled lizards (D:1)
  5 kobolds (D:1)
  4 rats (D:1)
32 creatures vanquished.

Notes
Turn   | Place    | Note
-------+----------+-------------------------------------------
     0 | D:1      | qw the Deep Elf Hunter began the quest for the Orb.
     0 | D:1      | Reached XP level 1. HP: 12/12 MP: 3/3
     0 | D:1      | 0 ||| qw: Version: 0.3-a-155-g5e7d8dd
     0 | D:1      | 0 ||| qw: Game counter: 1605
     0 | D:1      | 0 ||| qw: Melee chars always use a shield: true
     0 | D:1      | 0 ||| qw: God list: Okawaru
     0 | D:1      | 0 ||| qw: Allow faded altars: false
     0 | D:1      | 0 ||| qw: Do Orc after clearing Dungeon:15 true
     0 | D:1      | 0 ||| qw: Do second Lair branch before Depths: true
     0 | D:1      | 0 ||| qw: Lair rune preference: random
     0 | D:1      | 0 ||| qw: Goals: Normal
     0 | D:1      | 0 ||| PLANNING D:1-11
    73 | D:1      | Reached XP level 2. HP: 16/16 MP: 4/4
    75 | D:1      | Reached skill level 6 in Ranged Weapons
   462 | D:1      | Reached XP level 3. HP: 20/20 MP: 5/5
   671 | D:1      | 671 ||| UPGRADING to +0 ring mail.
   681 | D:1      | 681 ||| DROPPING +0 leather armour.
   682 | D:1      | 682 ||| DROPPING ring of wizardry.
   683 | D:1      | 683 ||| READING scroll labelled LOIWNYSCHEA.
   683 | D:1      | 683 ||| IDENTIFYING yellow potion
   684 | D:1      | 684 ||| READING scroll labelled AGIRUIXEXUA.
   684 | D:1      | Identified a scroll of acquirement
   684 | D:1      | 684 ||| ACQUIRING +0 heavy arbalest
   684 | D:1      | Acquired a +0 heavy arbalest
   686 | D:1      | 686 ||| SWAPPING to +0 heavy arbalest.
   687 | D:1      | 687 ||| DROPPING +0 shortbow.
   688 | D:1      | 688 ||| READING scroll labelled MEL GASMOABRU.
   689 | D:1      | 689 ||| READING scroll labelled DIPTIE LOIL.
   690 | D:1      | 690 ||| DROPPING scroll of butterflies.
   732 | D:2      | 732 ||| STAIRDANCE
   757 | D:2      | Reached skill level 7 in Ranged Weapons
   782 | D:2      | Noticed Sigmund
   786 | D:2      | HP: 5/20 [something (3)]
   787 | D:2      | Slain by Sigmund

Levels and vault maps discovered:
D:1:      lightli_arrival_lavapool, layout_basic, nicolae_eternal_life
D:2:      layout_loops_ring, hellmonk_ecumenical_altar_inner_sanctum,
          basic_altar, uniq_sigmund, uniq_robin

Skill      XL: |  1  2  3 |
---------------+----------+-----
Ranged Weapons | 6 7 |  7.2
Fighting       | |  1.5
Dodging        | |  2.4
Stealth        | |  1.2

Action                     || total
---------------------------++-------
   Fire: Shortbow          ||    49
         Arbalest          ||    16
    Use: Scroll            ||     4
 Armour: Leather armour    ||     3
         Ring mail         ||    15
  Dodge: Dodged            ||    17

Table legend:
 A = Non-vault XP
 B = Vault XP
 C = Vault XP percentage of total XP
 D = Non-vault monster count
 E = Vault monster count
 F = Vault count percentage of total count
                 A         B        C        D         E       F
            +---------+---------+-------+---------+---------+-------
      Total |      84 |       0 |   0.0 |      32 |       0 |   0.0
            +---------+---------+-------+---------+---------+-------
        D:1 |      48 |       0 |   0.0 |      26 |       0 |   0.0
        D:2 |      36 |       0 |   0.0 |       6 |       0 |   0.0
            +---------+---------+-------+---------+---------+-------
